Match 30898433
Unlisted

Match 30898433
End
Kradschützen Motorcycle Team
Kradschützen Motorcycle Team
Kradschützen Motorcycle Team
Construct Light Support Kompanie
Assault Grenadier Squad
Panzerjäger Squad
Construct Mechanized Kompanie
Panzerjäger Squad
Marder III Tank Destroyer
Selects Italian Infantry
Selects Guastatori Squad
Selects L6/40 Light Tank Combat Group
Selects Defensive Operations
2.5-tonne Medical Truck
Guastatori Squad
Panzerjäger Mechanized Group
Marder III Tank Destroyer
Marder III Tank Destroyer
Selects Territory Booby Traps
Selects Towed Cannone da 105/28 Field Howitzer
Towed Cannone da 105/28 Field Howitzer
Marder III Tank Destroyer
Guastatori Squad
Selects Territory Booby Traps
Selects Obice 305mm Barrage
Obice 305mm Barrage
Guastatori Squad
Construct Panzerarmee Kommand
Walking Stuka Rocket Launcher
Flak 36 Anti-tank Gun Team
Obice 305mm Barrage
Flak 36 Anti-tank Gun Team
Obice 305mm Barrage
Flak 36 Anti-tank Gun Team
Kradschützen Motorcycle Team
Flak 36 Anti-tank Gun Team
Obice 305mm Barrage
Panzer III L Medium Tank
Rapid Advance
Marder III Tank Destroyer
Obice 305mm Barrage
TheSeduction
ThePerfection
Blackbird357
Nukepapa
burchbeer92
Drone Operator
0
0

Comments sign in to comment!

No comments posted yet!